 Dungeon Crawl Stone Soup version 0.31.0-32-g396128a36d (webtiles) character file.

Game seed: 9991888807696932536

2590 spaghetti the Summoner (level 9, -1/61 HPs)
             Began as a Naga Summoner on Mar 10, 2024.
             Was a Follower of Kikubaaqudgha.
             Slain by a yak (5 damage)
             ... on level 8 of the Dungeon.
             The game lasted 00:11:45 (8900 turns).

spaghetti the Summoner (Naga Summoner)              Turns: 8900, Time: 00:11:46

Health: -1/61      AC:  4    Str: 11    XL:     9   Next: 58%
Magic:  14/24      EV: 10    Int: 21    God:    Kikubaaqudgha [*.....]
Gold:   290        SH:  4    Dex: 12    Spells: 2/16 levels left

rFire   . . .        h - +3 scimitar of Severance {protect, Int+2}
rCold   . . .        (no shield)
rNeg    . . .        a - +0 robe
rPois   +            (no helmet)
rElec   .            (no cloak)
rCorr   .            (no gloves)
SInv    +            (no barding)
Will    +....        (no amulet)
Stlth   ++           i - ring of magical power
HPRegen 0.30/turn    (no ring)
MPRegen 0.19/turn

%: no passive effects
@: about to teleport, very slow
A: AC +3, large, see invisible, deformed body, poison resistance, slowness 2,
spit poison 1, naga tail 1, large bone plates 1, frail 1
a: Spit Poison, Renounce Religion, Unearth Wretches


You were on level 8 of the Dungeon.
You worshipped Kikubaaqudgha.
Kikubaaqudgha was aware of your devotion.
You visited 2 branches of the dungeon, and saw 9 of its levels.

You collected 387 gold pieces.
You spent 97 gold pieces at shops.

Inventory:

Hand Weapons
 g - a +0 dagger
 h - the +3 scimitar of Severance (weapon) {protect, Int+2}
   (You found it on level 4 of the Dungeon)

   Int+2:     It affects your intelligence (+2).
Armour
 a - a +0 robe (worn)
Magical Staves
 j - a staff of air
Jewellery
 i - a ring of magical power (left hand)
 q - an amulet of magic regeneration
 r - a ring of resist corrosion
Wands
 e - a wand of flame (35)
 v - a wand of roots (17)
Scrolls
 c - 2 scrolls of revelation
 d - a scroll of vulnerability
 f - a scroll of amnesia
 k - 2 scrolls of identify
 l - a scroll of enchant weapon
 m - 2 scrolls of teleportation
 n - 2 scrolls of fog
 o - 3 scrolls of torment
 s - a scroll of immolation
 t - a scroll of poison
Potions
 b - a potion of magic
 p - a potion of resistance
 u - a potion of lignification
 x - a potion of degeneration {unknown}
 z - a potion of mutation


   Skills:
 - Level 1.5 Dodging
 - Level 3.0 Stealth
 + Level 4.4 Spellcasting
 + Level 11.0 Summonings
 + Level 2.2 Necromancy
 + Level 1.0 Fire Magic
 + Level 1.0 Air Magic
 - Level 5.0 Earth Magic


You had 2 spell levels left.
You knew the following spells:

 Your Spells              Type           Power      Damage    Failure   Level
a - Summon Small Mammal   Summ           100%       N/A       1%          1
b - Call Imp              Summ           100%       N/A       1%          2
c - Call Canine Familiar  Summ           50%        N/A       1%          3
d - Animate Armour        Summ/Erth      76%        N/A       4%          4
e - Summon Blazeheart Go  Fire/Summ      30%        N/A       10%         4

Your spell library contained the following spells:

 Spells                   Type           Power      Damage    Failure   Level
 Necrotise                Necr           52%        1d6       4%          1
 Cigotuvi's Dreadful Rot  Necr/Alch/Air  18%        N/A       11%         2
 Freeze                   Ice            16%        1d4       12%         1
 Slow                     Hex            16%        N/A       12%         1
 Lesser Beckoning         Tloc           8%         N/A       17%         2
 Summon Lightning Spire   Summ/Air       30%        N/A       10%         4
 Stone Arrow              Conj/Erth      30%        3d8       12%         3
 Vampiric Draining        Necr           13%        2d6       14%         3
 Volatile Blastmotes      Fire/Tloc      12%        2d11      28%         3
 Confusing Touch          Hex            4%         N/A       34%         3
 Frozen Ramparts          Ice            8%         1d2       34%         3
 Gell's Gravitas          Tloc           4%         N/A       34%         3
 Hailstorm                Conj/Ice       4%         3d5       34%         3
 Sigil of Binding         Hex            4%         N/A       34%         3
 Teleport Other           Tloc           4%         N/A       34%         3
 Animate Dead             Necr           13%        N/A       43%         4
 Ignite Poison            Fire/Alch      6%         N/A       67%         4
 Sticky Flame             Fire/Alch      6%         2d4       67%         4
 Dimensional Bullseye     Hex/Tloc       2%         N/A       75%         4
 Fulminant Prism          Conj/Alch      2%         3d5       75%         4
 Iskenderun's Mystic Bla  Conj/Tloc      4%         2d3       75%         4
 Lehudib's Crystal Spear  Conj/Erth      7%         10d3      100%        8


Dungeon Overview and Level Annotations

Branches:
Dungeon (8/15)             Temple (1/1) D:4
   Lair: D:8-11

Altars:
Ashenzari
Cheibriados
Elyvilon
Fedhas
Gozag
Hepliaklqana
Kikubaaqudgha
Makhleb
Nemelex Xobeh
Okawaru
Qazlal
Ru
Sif Muna
Trog
Uskayaw
Vehumet
Wu Jian
Xom
Yredelemnul
The Shining One

Shops:
D:3 ?   D:4 =

Annotations:
D:7 3 runed translucent doors, superradish's ghost, novice OpSh


Innate Abilities, Weirdness & Mutations

Your serpentine skin is tough. (AC +3)
You have supernaturally acute eyesight. (SInv)
Armour fits poorly on your strangely shaped body.
Your system is resistant to poisons. (rPois)
You cover ground very slowly.
You can spit poison.
You have a snake-like lower body.
You are partially covered in large bone plates. (SH +4)
You are frail. (-10% HP)


Message History

The yak gores your animated robe. The yak gores you! The yak gores you.
Your cerulean imp hits the yak but does no damage.
Your animated robe barely misses the yak.
Your animated robe hits the yak.
The yak gores your animated robe!
Your animated robe is destroyed!
Your animated robe disappears in a puff of smoke!
The yak attacks as it pursues you! The yak gores you!
* * * LOW HITPOINT WARNING * * *
The yak attacks as it pursues you! The yak gores you.
* * * LOW HITPOINT WARNING * * *
Your cerulean imp barely misses the yak.
The yak gores your cerulean imp!
Your cerulean imp dies!
Your cerulean imp disappears in a puff of smoke!
You block the yak's attack. The yak closely misses you.
Okay, then.
You feel much better.
You have got your breath back.
Your blazeheart golem punches the yak!
The yak gores you. The yak closely misses you. The yak barely misses you.
Your familiar recovers from its injuries.
The yak gores your blazeheart golem. The yak attacks as it pursues you!
The yak barely misses you.
Your blazeheart golem closely misses the yak.
Your blazeheart golem's core grows cold and it stops moving.
The yak attacks as it pursues you! The yak misses you.
The yak gores your blazeheart golem! The yak attacks as it pursues you!
The yak gores you!
* * * LOW HITPOINT WARNING * * *
The yak gores your blazeheart golem but does no damage.
As you read the scroll of teleportation, it crumbles to dust.
You feel strangely unstable. The yak gores you!
* * * LOW HITPOINT WARNING * * *
The yak gores you.
* * * LOW HITPOINT WARNING * * *
The yak gores you but does no damage. The yak gores your blazeheart golem!
Unknown command.
Found a dyed leather armour.
You block the yak's attack. The yak gores you.
You die...
Kikubaaqudgha rasps: "You have failed me!
Welcome... death!"

.......[. .......
...... #....# ...
#....# .......
#....# .......
..###....# .......
.......@#####....[..
.......YY...........
.....#.YY.9.........
.#.# ##...Y........#
#####....?..)....#
#<).............#
#..).......#....#..#
#...........##..#
...
....................
.


You could see 5 yaks and a friendly blazeheart golem (summoned, paralysed).

Vanquished Creatures
  A water moccasin (D:6)
  A sky beast (D:6)
  An ogre (D:6)
  A centaur (D:8)
  A scorpion (D:4)
  A howler monkey (D:7)
  3 bombardier beetles (D:5)
  2 hounds
  A jelly (D:5)
  An iguana (D:6)
  2 gnolls
  2 adders
  2 shadow imps
  2 ribbon worms
  A dart slug (D:1)
  5 orcs
  3 ball pythons
  An endoplasm (D:4)
  A giant cockroach (D:1)
  4 goblins (D:4)
  3 hobgoblins
  7 jackals
  A kobold (D:2)
  A quokka (D:1)
  2 bats (D:1)
  2 frilled lizards (D:2)
  2 rats (D:1)
54 creatures vanquished.

Vanquished Creatures (collateral kills)
  Grinder (D:6)
  Sigmund (D:2)
  A yak (D:8)
  Menkaure (D:5)
  Edmund (D:5)
  An ice beast (D:7)
  A black bear (D:7)
  An ogre (D:5)
  2 centaurs
  A kobold brigand (D:7)
  A bullfrog (D:6)
  A gnoll sergeant (D:6)
  A scorpion (D:7)
  A bombardier beetle (D:4)
  2 hounds (D:5)
  A jelly (D:5)
  An orc priest (D:7)
  Jessica (D:2)
  An orc wizard (D:7)
  An iguana (D:7)
  5 gnolls
  7 adders
  2 white imps
  A dart slug (D:3)
  A ribbon worm (D:2)
  7 orcs
  4 endoplasms
  3 giant cockroaches
  2 goblins (D:4)
  3 hobgoblins
  A jackal (D:1)
  2 quokkas
  7 ball pythons
  A bat (D:1)
  3 frilled lizards
  5 kobolds
  A rat (D:2)
77 creatures vanquished.

Grand Total: 131 creatures vanquished

Notes
Turn   | Place    | Note
-------+----------+-------------------------------------------
     0 | D:1      | spaghetti the Naga Summoner began the quest for the Orb.
     0 | D:1      | Reached XP level 1. HP: 15/15 MP: 3/3
   175 | D:1      | Reached XP level 2. HP: 18/22 MP: 1/5
   234 | D:1      | Learned a level 2 spell: Call Imp
   829 | D:1      | Reached XP level 3. HP: 26/28 MP: 1/6
   936 | D:1      | Reached skill level 5 in Summonings
  1416 | D:2      | Noticed Jessica
  1419 | D:2      | Killed Jessica
  1465 | D:2      | Reached XP level 4. HP: 25/36 MP: 7/7
  1596 | D:2      | Found a basalt altar of Yredelemnul.
  1966 | D:2      | Noticed Sigmund
  1979 | D:2      | Killed Sigmund
  1980 | D:2      | Reached skill level 7 in Summonings
  1980 | D:2      | Reached XP level 5. HP: 11/42 MP: 4/8
  1980 | D:2      | Reached XP level 6. HP: 13/49 MP: 4/9
  2124 | D:2      | Learned a level 3 spell: Call Canine Familiar
  2859 | D:3      | Found Nehoteur's Magic Scroll Shoppe.
  2899 | D:3      | Bought a scroll of enchant weapon for 97 gold pieces
  3146 | D:3      | Found a basalt altar of Yredelemnul.
  3571 | D:4      | Found Qimit's Jewellery Boutique.
  3619 | D:4      | Found a staircase to the Ecumenical Temple.
  3822 | D:4      | Reached skill level 8 in Summonings
  3884 | D:4      | Identified the +3 scimitar of Severance {protect, Int+2}
  3889 | D:4      | Gained mutation: You are frail. (-10% HP) [potion of
                  | mutation]
  3889 | D:4      | Gained mutation: You are partially covered in large bone
                  | plates. (SH +4) [potion of mutation]
  4384 | D:5      | Entered Level 5 of the Dungeon
  4405 | Temple   | Entered the Ecumenical Temple
  4420 | Temple   | Became a worshipper of Kikubaaqudgha
  4460 | D:5      | Reached XP level 7. HP: 40/49 MP: 10/10
  4757 | D:5      | Reached skill level 9 in Summonings
  4783 | D:5      | Noticed Menkaure
  4795 | D:5      | Killed Menkaure
  5071 | D:5      | Noticed Edmund
  5088 | D:5      | Killed Edmund
  5089 | D:5      | Reached XP level 8. HP: 37/55 MP: 11/11
  5186 | D:5      | Reached skill level 10 in Summonings
  5294 | D:5      | Found a sacrificial altar of Ru.
  6241 | D:6      | Noticed Grinder
  6254 | D:6      | Paralysed by Grinder for 5 turns
  6254 | D:6      | Killed Grinder
  6255 | D:6      | Reached skill level 11 in Summonings
  6255 | D:6      | Reached skill level 1 in Necromancy
  6264 | D:6      | Learned a level 4 spell: Animate Armour
  6488 | D:6      | Reached skill level 1 in Earth Magic
  6745 | D:6      | Reached XP level 9. HP: 50/61 MP: 12/12
  7567 | D:6      | Got the Book of Igneous Nonlocality
  7813 | D:7      | Reached skill level 5 in Earth Magic
  7820 | D:7      | Reached * piety under Kikubaaqudgha
  7820 | D:7      | Received a gift from Kikubaaqudgha
  7828 | D:7      | Found a runed translucent gate.
  7829 | D:7      | Noticed a cyan ugly thing
  7829 | D:7      | Found a runed translucent gate.
  7829 | D:7      | Noticed superradish's ghost (novice OpSh)
  7833 | D:7      | Found a runed translucent gate.
  8729 | D:7      | Learned a level 4 spell: Summon Blazeheart Golem
  8893 | D:8      | Reached skill level 1 in Fire Magic
  8893 | D:8      | Reached skill level 1 in Air Magic
  8900 | D:8      | Slain by a yak

Illustrated notes

Levels and vault maps discovered:
D:1:      tarquinn_simple_flora_water_f, layout_basic
D:2:      layout_loops_cross, basic_altar, minmay_misc_feat_tiny,
          kennysheep_generic_room_7, uniq_jessica, uniq_sigmund
D:3:      layout_basic, general_overflow_altar, serial_shops,
          nicolae_shop_gibbet_a_chance, minmay_shallow_snake_nest
D:4:      layout_rooms, minmay_temple_entry_glass, serial_shops,
          nicolae_shop_temple_entry_statues_fountains,
          serial_library_hellmonk_room_b, lemuel_flame_loot_1
D:5:      layout_basic, mainiacjoe_overflow_catwalk, serial_co_window_serial,
          co_window_corner_a, co_window_paths_b, co_window_paths_b,
          co_window_corner_a, co_window_paths_a, co_window_paths_a,
          co_window_paths_a, co_window_paths_c, co_window_paths_c,
          co_window_cross_2, co_window_4corner_a, glass_columns_b,
          glass_columns_a, glass_columns_c, glass_columns_a, glass_columns_a,
          uniq_edmund, uniq_menkaure
D:6:      layout_basic, nicolae_concentric_dashed_squares_wild, uniq_grinder
D:7:      layout_basic, gammafunk_ghost_split, chequers_serial_rivers_marsh
D:8:      layout_cave_pools, mainiacjoe_overflow_cross_hatched,
          chequers_serial_rivers_micro_b
Temple:   eino_narrow_crystal_temple

Skill      XL: |  1  2  3  4  5  6  7  8  9 |
---------------+----------------------------+-----
Summonings     | 5 7 8 9 11 | 11.0
Necromancy     | 1 2 |  2.2
Earth Magic    | 3 5 |  5.0
Spellcasting   | 4 |  4.4
Fire Magic     | 1 |  1.0
Air Magic      | 1 |  1.0
Dodging        | |  1.5
Stealth        | |  3.0

Action                     |  1- 3 |  4- 6 |  7- 9 || total
---------------------------+-------+-------+-------++-------
  Melee: Unarmed           |    56 |    16 |       ||    72
         Punch             |     1 |     1 |     2 ||     4
         Dagger            |       |    50 |       ||    50
         Staff             |       |    40 |       ||    40
         Scimitar          |       |    14 |   109 ||   123
   Cast: Summon Small Mamm |    21 |    35 |    37 ||    93
         Call Imp          |    10 |    27 |    31 ||    68
         Call Canine Famil |       |    16 |    28 ||    44
         Animate Armour    |       |       |    19 ||    19
         Summon Blazeheart |       |       |     1 ||     1
Ability: Spit Poison       |    11 |     2 |     6 ||    19
    Use: Scroll            |     2 |     8 |     5 ||    15
         Potion            |       |     1 |     4 ||     5
   Stab: Distracted        |       |     2 |       ||     2
 Armour: Robe              |    65 |    92 |   111 ||   268
  Dodge: Dodged            |    44 |    84 |    92 ||   220
  Block: Other             |       |     2 |    35 ||    37
